 Dungeon Crawl Stone Soup version 0.19.1 (webtiles) character file.

674 esteth the Firebug (level 7, -3/40 HPs)
             Began as a Gargoyle Fire Elementalist on Dec 9, 2016.
             Was an Initiate of Ru.
             Killed from afar by a crimson imp (17 damage)
             ... with a wand of acid
             ... on level 6 of the Dungeon.
             The game lasted 00:20:36 (3702 turns).

esteth the Firebug (Gargoyle Fire Elementalist)     Turns: 3702, Time: 00:20:37

Health: -3/40      AC:  8    Str: 14      XL:     7   Next: 59%
Magic:  12/12      EV:  6    Int: 16 (18) God:    Ru [......]
Gold:   267        SH:  0    Dex:  9 (10) Spells: 2 memorised, 9 levels left

rFire  . . .     SeeInvis .     C - +4 whip
rCold  . . .     Gourm    .     D - +0 chain mail
rNeg   + . .     Faith    .     (no shield)
rPois  ∞         Spirit   .     (no helmet)
rElec  +         Reflect  .     (no cloak)
rCorr  .         Harm     .     (no gloves)
MR     .....                    (no boots)
Stlth  ..........               (no amulet)
                                f - ring of stealth
                                e - +3 ring of strength

@: corroded
A: negative energy resistance 1, electricity resistance, unbreathing,
petrification resistance, rot immunity, AC +4
a: Renounce Religion


You were on level 6 of the Dungeon.
You worshipped Ru.
Ru was noncommittal.
You were not hungry.

You visited 1 branch of the dungeon, and saw 6 of its levels.

You collected 267 gold pieces.

Inventory:

Hand Weapons
 a - a +0 shortbow
 u - a +0 short sword of electrocution
 C - a +4 whip (weapon)
Armour
 c - a +0 robe
 D - a +0 chain mail (worn)
Jewellery
 e - a +3 ring of strength (left hand)
 f - a ring of stealth (right hand)
Wands
 t - a wand of flame (10/48)
 y - a wand of random effects (24/48)
Scrolls
 i - 3 scrolls of identify {unknown}
 j - a scroll of magic mapping {unknown}
 k - a scroll of enchant armour {unknown}
 q - a scroll of fear {unknown}
 r - a scroll of teleportation {unknown}
 z - a scroll of fog {unknown}
Potions
 g - 3 potions of curing
 m - 2 potions of degeneration
 s - a potion of flight
Books
 b - a book of Flames

   Spells                             Type                      Level
   a - Flame Tongue                   Conjuration/Fire             1
   b - Throw Flame                    Conjuration/Fire             2
   c - Conjure Flame                  Conjuration/Fire             3
   d - Inner Flame                    Hexes/Fire                   3
   e - Sticky Flame                   Conjuration/Fire             4
   f - Fireball                       Conjuration/Fire             5
Comestibles
 l - 3 fruits
 A - a beef jerky


   Skills:
 + Level 2.6 Fighting
 + Level 1.7 Short Blades
 + Level 2.2 Maces & Flails
 + Level 0.4 Armour
 + Level 2.9 Dodging
 + Level 3.5 Stealth
 + Level 3.7 Spellcasting
 + Level 2.6 Conjurations
 + Level 4.4 Fire Magic
 + Level 0.1 Evocations


You had 9 spell levels left.
You knew the following spells:

 Your Spells              Type           Power        Failure   Level  Hunger
a - Flame Tongue          Conj/Fire      ##...        97%         1    None
b - Conjure Flame         Conj/Fire      ##......     100%        3    ###....


Dungeon Overview and Level Annotations

Branches:
Dungeon (6/15)
 Temple: D:4-7

Altars:
Fedhas
Makhleb
Ru

Shops:
D:5 ?   D:6 :


Innate Abilities, Weirdness & Mutations

You are resistant to torment.
Your stone body is resilient. (AC +4)
You are immune to poison.
You resist negative energy. (rN+)
You are resistant to electric shocks. (rElec)
You can survive without breathing.
You are immune to petrification.
You are immune to rotting.


Message History

The crimson imp hits you but does no damage.
You hit the crimson imp.
The crimson imp is moderately wounded.
The crimson imp hits you but does no damage.
You hit the crimson imp but do no damage.
The crimson imp is moderately wounded.
The crimson imp hits you but does no damage.
You hit the crimson imp.
The crimson imp is heavily wounded.
The crimson imp blinks!
The crimson imp zaps a wand.
The bolt of acid hits you! The acid corrodes you!
You are splashed with acid!
The acid burns!
It is a wand of acid.
The crimson imp zaps a wand.
The bolt of acid misses you.
You closely miss the crimson imp.
The crimson imp is lightly wounded.
The crimson imp barely misses you.
You hit the crimson imp.
The crimson imp is moderately wounded.
The crimson imp zaps a wand.
The bolt of acid hits you!
You die...

#.######.....###..... #.#
#.........# #.# #.....###.#
#.# #.....# #.# #.# #...###
... #... ##...# #.# #..
+....# #.# #.. #....# #5# .#
... #....### #@# .##
#.#####..∩..##.#.# ..# #
.................####..##.#
#.###.##...###.##.......#.#
#.........................
....#####.#.#####†###.#.#.##
#.#.## #...........(.......
#....# #.#.......##..#...##
..#..####.#.#####.##(.......


You could see a crimson imp.

Vanquished Creatures
  A hippogriff (D:6)
  A sky beast (D:5)
  A centaur (D:6)
  2 crimson imps (D:6)
  2 orc wizards
  An orc priest (D:6)
  An iguana (D:6)
  Ijyb (D:2)
  3 gnolls (D:6)
  4 adders
  A dart slug (D:1)
  3 leopard geckos
  10 orcs
  4 giant cockroaches
  6 hobgoblins
  3 jackals (D:2)
  3 kobolds (D:1)
  2 quokkas
  5 bats
  6 frilled lizards
  A goblin (D:1)
  A jackal skeleton (D:4)
  A quokka skeleton (D:4)
  3 rats (D:1)
66 creatures vanquished.

Notes
Turn   | Place    | Note
-------+----------+-------------------------------------------
     0 | D:1      | esteth the Gargoyle Fire Elementalist began the quest for the Orb.
     0 | D:1      | Reached XP level 1. HP: 10/10 MP: 3/3
   174 | D:1      | Reached XP level 2. HP: 4/15 MP: 5/5
   779 | D:1      | Reached XP level 3. HP: 20/20 MP: 4/6
   966 | D:2      | Learned a level 3 spell: Conjure Flame
   985 | D:2      | HP: 1/20 [jackal (3)]
  1048 | D:2      | Noticed Ijyb
  1092 | D:2      | Killed Ijyb
  1092 | D:2      | Reached skill level 1 in Fighting
  1092 | D:2      | Reached skill level 1 in Maces & Flails
  1092 | D:2      | Reached XP level 4. HP: 2/25 MP: 0/7
  1821 | D:4      | Found a sacrificial altar of Ru.
  1845 | D:4      | Became a worshipper of Ru the Awakened
  1879 | D:4      | Reached XP level 5. HP: 30/30 MP: 0/8
  2118 | D:4      | Found a blossoming altar of Fedhas.
  2337 | D:5      | Entered Level 5 of the Dungeon
  2338 | D:5      | Found Bapyge's Magic Scroll Shop.
  2359 | D:5      | Found a burning altar of Makhleb.
  2375 | D:5      | Noticed a sky beast
  2404 | D:5      | Killed a sky beast
  2404 | D:5      | Reached XP level 6. HP: 8/35 MP: 0/10
  2765 | D:6      | Reached skill level 4 in Fire Magic
  3037 | D:6      | Found Tempigh's Book Shop.
  3105 | D:6      | Noticed a hippogriff
  3120 | D:6      | Killed a hippogriff
  3120 | D:6      | Reached skill level 1 in Short Blades
  3120 | D:6      | Reached XP level 7. HP: 17/40 MP: 12/12
  3702 | D:6      | Killed from afar by a crimson imp

Skill      XL: |  1  2  3  4  5  6 |
---------------+-------------------+-----
Fighting       | 1 2 |  2.6
Maces & Flails | 1 2 |  2.2
Dodging        | 2 |  2.9
Stealth        | 3 |  3.5
Spellcasting   | 3 |  3.7
Fire Magic     | 4 |  4.4
Conjurations   | 2 |  2.6
Short Blades   | 1 |  1.7
Armour         | |  0.4
Evocations     | |  0.1

Action                   |  1- 3 |  4- 6 |  7- 9 || total
-------------------------+-------+-------+-------++-------
Melee: Whip              |   111 |       |    30 ||   141
       Dagger            |       |     8 |       ||     8
       Short sword       |       |    47 |    13 ||    60
 Cast: Flame Tongue      |    20 |    56 |       ||    76
       Conjure Flame     |     2 |       |       ||     2
Evoke: Wand              |       |     4 |       ||     4
  Use: Scroll            |     1 |       |       ||     1
       Potion            |     1 |     3 |     1 ||     5
 Stab: Sleeping          |     3 |       |       ||     3
       Distracted        |       |     1 |       ||     1
  Eat: Chunk             |     1 |     3 |       ||     4
       Bread ration      |       |     1 |       ||     1
       Pizza             |       |       |     1 ||     1
Armor: Robe              |    50 |    21 |    16 ||    87
       Skin              |       |    15 |       ||    15
       Chain mail        |       |       |    18 ||    18
Dodge: Dodged            |    91 |    63 |    20 ||   174
